Cogmind - Beta 11.1 @@@ ROGUE MODE // 2022.05.26 @ 22:09:23 Player: Exp. Geonium Core Result: Destroyed by G-34 Mercenary with Small Laser Performance ------------- Evolutions (0) 0 Regions Visited (2) 400 Robots Destroyed (18) 90 Value Destroyed (424) 424 Prototype IDs (2) 40 Alien Tech Used (0) 0 Bonus (0) 0 TOTAL SCORE: 954 Bonus ------- None Cogmind --------- Core Integrity 0/250 Matter 300/300 Energy 99/100 System Corruption 0% Temperature Cool (6) Movement Rolling (115) Ox1 Location -10/Mines Parts ------- > --- POWER (1) -------- (None) > --- PROPULSION (2) --- Light Treads Compact Wheel > --- UTILITY (2) ------ Large Storage Unit Weapon Shielding > --- WEAPON (2) ------- Hammer > --- INVENTORY (15) --- Light Nuclear Core Aluminum Leg Assault Rifle Light Assault Rifle Grenade Launcher Grenade Launcher Mining Claw Mining Claw Peak State ------------ > --- POWER ------------ Light Ion Engine > --- PROPULSION ------- Light Treads Compact Wheel > --- UTILITY ---------- Small Storage Unit Large Storage Unit > --- WEAPON ----------- Grenade Launcher Grenade Launcher > --- INVENTORY -------- Ion Engine Light Treads Compact Wheel Assault Rifle Grenade Launcher Grenade Launcher Mining Claw Mining Claw [Rating: 7] Favorites ----------- Power Ion Engine Engine Ion Engine Propulsion Compact Wheel Treads Light Treads Leg Aluminum Leg Wheel Compact Wheel Utility Large Storage Unit Storage Large Storage Unit Protection Weapon Shielding Weapon Hammer Energy Gun EM Pulse Gun Launcher Grenade Launcher Impact Weapon Hammer Build | -11 -10 -10 ------- Run | Scr Mat Min Slots Evolved . | . . . Power . | . . . Propulsion . | . . . Utility . | . . . Weapon . | . . . Parts Attached 11 | 2 7 2 Power 2 | . 2 . Engine 2 | . 2 . Core . | . . . Reactor . | . . . Propulsion 4 | 2 . 2 Treads 2 | 1 . 1 Leg . | . . . Wheel 2 | 1 . 1 Hover . | . . . Flight . | . . . Utility 2 | . 2 . Device . | . . . Storage 1 | . 1 . Processor . | . . . Hackware . | . . . Protection 1 | . 1 . Artifact . | . . . Weapon 3 | . 3 . Energy Gun . | . . . Energy Cannon . | . . . Ballistic Gun . | . . . Ballistic Cannon . | . . . Launcher 2 | . 2 . Special Weapon . | . . . Impact Weapon 1 | . 1 . Slashing Weapon . | . . . Piercing Weapon . | . . . Special Melee Weapon . | . . . Unidentified Prototypes . | . . . Parts Lost 5 | . 2 3 Power 2 | . 1 1 Propulsion 2 | . . 2 Utility . | . . . Weapon 1 | . 1 . Highest Loss Streak 2 | . 1 2 To Critical Strikes . | . . . Average Slot Usage (%) 83 | . 89 74 Engine 9 | . 12 3 Treads 13 | . 14 13 Wheel 14 | . 14 14 Storage 14 | . 14 14 Protection 11 | . 9 14 Energy Gun 3 | . 5 . Launcher 5 | . 9 . Impact Weapon 10 | . 8 14 Naked Turns . | . . . Heaviest Build 34 | 14 34 28 Greatest Support 20 | 20 16 16 Greatest Overweight (x) 2 | . 2 1 Average Overweight (x) . | . . 1 Largest Inventory Capacity 15 | 8 15 15 Average Capacity 13 | 8 12 15 Most Carried 9 | 6 9 9 Average Carried 7 | 5 7 8 Final Capacity 15 | 8 15 15 Final Carried 9 | 4 9 8 Class Distribution -------------------- 100% | Mutant Dominant Class ---------------- Mutant | -10/Materials Mutant | -10/Mines Resources | -11 -10 -10 ----------- Run | Scr Mat Min Matter Collected 310 | 200 90 20 Remotely . | . . . Salvage Created 621 | . 538 83 Parts 20 | . 19 1 Haulers Intercepted 1 | . 1 . Recyclers Shooed 5 | . 5 . Parts Field Recycled . | . . . Retrieved Matter . | . . . Parts Self-Destructed . | . . . Prevented . | . . . Kills | -11 -10 -10 ------- Run | Scr Mat Min Combat Hostiles Destroyed 11 | . 9 2 Melee 4 | . 3 1 Guns 4 | . 4 . Classes Destroyed 7 | . 7 . Worker 1 | . 1 . Hauler 1 | . 1 . Recycler 1 | . 1 . Operator 1 | . 1 . Watcher 3 | . 3 . Swarmer 3 | . 3 . Grunt 8 | . 6 2 Best Kill Streak 4 | . 4 1 Combat Bots Only 3 | . 3 1 Max Kills in Single Turn 1 | . 1 1 Gunslinging . | . . . Exploded . | . . . Melee 1 | . 1 1 Uniques/NPCs Destroyed . | . . . Combat | -11 -10 -10 -------- Run | Scr Mat Min Damage Taken 882 | . 631 251 Core 255 | . 144 111 Absorbed by Shields . | . . . Redirected to Shielding 48 | . 42 6 Core Remaining (%) 100 | 100 . . Volleys Fired 21 | . 21 . Largest 1 | . 1 . Hottest 40 | . 40 . Shots Fired 21 | . 21 . Gun 21 | . 21 . Cannon . | . . . Launcher . | . . . Special . | . . . Kinetic . | . . . Thermal . | . . . Explosive . | . . . Electromagnetic 21 | . 21 . Robot Hit Streak 4 | . 4 . Robot Miss Streak 3 | . 3 . Penetration Max . | . . . Secondary Targets . | . . . Shots Hit Robots 55 | . 43 12 Core Hits 14 | . 13 1 Critical Kills . | . . . Critical Parts Destroyed 4 | . 3 1 Critical Strikes 4 | . 3 1 Smash 4 | . 3 1 Melee Attacks 57 | . 40 17 Impact 57 | . 40 17 Slashing . | . . . Piercing . | . . . Sneak Attacks 6 | . 4 2 Combat Hostiles . | . . . Follow-up Attacks . | . . . Damage Inflicted 1640 | . 1232 408 Guns 180 | . 180 . Cannons . | . . . Explosions 77 | . 77 . Melee 1383 | . 975 408 Ramming . | . . . Kinetic . | . . . Thermal 77 | . 77 . Explosive . | . . . Electromagnetic 180 | . 180 . Impact 1383 | . 975 408 Slashing . | . . . Piercing . | . . . Highest Corruption . | . . . Average Corruption . | . . . Corruption Purged . | . . . Corruption Blocked . | . . . Overload Shots . | . . . Overflow Damage 297 | . 206 91 Projectiles . | . . . Explosions . | . . . Melee 297 | . 206 91 Knockbacks 3 | . 1 2 Impact 3 | . 1 2 Kinetic . | . . . Secondary . | . . . Self-Inflicted Damage 25 | . 25 . Shots 2 | . 2 . Rammed . | . . . Targets Rammed . | . . . Kicked . | . . . Crushed . | . . . Highest Temperature 18 | . 18 . Average Temperature 12 | . 12 . Received Heat Transfer 411 | . 267 144 Siege Activations . | . . . Robots Corrupted 1 | . 1 . Combat Hostiles . | . . . Parts Fried 10 | . 8 2 Impact Corruptions 16 | . 12 4 Robots Melted . | . . . Combat Hostiles . | . . . Parts Melted . | . . . Heat Transferred 150 | . 150 . Parts Sabotaged . | . . . Parts Stolen . | . . . Parts Stripped . | . . . Power Chain Reactions 2 | . 2 . Missiles Intercepted . | . . . Alert | -11 -10 -10 ------- Run | Scr Mat Min Peak Influence 311 | . 311 125 Initial 90 | . . 90 Average 156 | . 185 110 Maximum Alert Level 1 | . 1 . Low Security (%) 73 | 100 57 100 Level 1 26 | . 42 . Level 2 . | . . . Level 3 . | . . . Level 4 . | . . . Level 5 . | . . . High Security . | . . . Max Security . | . . . Squads Dispatched 1 | . 1 . Investigation . | . . . Extermination . | . . . Reinforcement 1 | . 1 . Assault . | . . . Garrison . | . . . Intercept . | . . . Searches Triggered . | . . . Construction Impeded . | . . . Haulers Reinforced . | . . . Active Scanning Responses . | . . . Cargo Convoy Interrupts . | . . . Stealth | -11 -10 -10 --------- Run | Scr Mat Min Distress Signals 2 | . 2 . Communications Jammed . | . . . Distress Signals . | . . . Times Spotted 23 | . 19 4 Peak Tracking Total 4 | . 4 2 Tactical Retreats 3 | . 2 1 Traps | -11 -10 -10 ------- Run | Scr Mat Min Traps Triggered . | . . . Indirectly . | . . . Trap Hack Attempts . | . . . Triggered . | . . . Disarmed . | . . . Reprogrammed . | . . . Reused . | . . . Traps Extracted . | . . . Installed . | . . . Triggered . | . . . Machines | -11 -10 -10 ---------- Run | Scr Mat Min Machines Disabled 1 | . 1 . Max in Single Turn 1 | . 1 . Machines Sabotaged . | . . . Garrisons Compromised . | . . . Overloaded Fab Kills . | . . . Hacking | -11 -10 -10 --------- Run | Scr Mat Min Machines Accessed 3 | . 3 . Terminals 3 | . 3 . Fabricators . | . . . Repair Stations . | . . . Recycling Units . | . . . Scanalyzers . | . . . Garrison Access . | . . . Total Hacks 8 | . 8 . Successful 2 | . 2 . Failed 6 | . 6 . Catastrophic . | . . . Database Lockouts . | . . . Manual 6 | . 6 . Terminals 8 | . 8 . Fabricators . | . . . Repair Stations . | . . . Recycling Units . | . . . Scanalyzers . | . . . Garrison Access . | . . . Terminal Hacks 2 | . 2 . Robot Analysis 1 | . 1 . Prototype ID Bank 1 | . 1 . Fabricator Hacks . | . . . Repair Station Hacks . | . . . Recycling Unit Hacks . | . . . Scanalyzer . | . . . Garrison Access Hacks . | . . . Unauthorized Hacks . | . . . Terminals . | . . . Fabricators . | . . . Repair Stations . | . . . Recycling Units . | . . . Scanalyzers . | . . . Garrison Access . | . . . Data Cores Recovered . | . . . Used . | . . . Hacking Detections 3 | . 3 . Full Trace Events . | . . . Feedback Events . | . . . Feedback Blocked . | . . . Robot Schematics Acquired . | . . . Robots Built . | . . . Authchips . | . . . Time . | . . . Total Robot Build Rating . | . . . Part Schematics Acquired . | . . . Parts Built . | . . . Authchips . | . . . Time . | . . . Total Part Build Rating . | . . . Parts Repaired . | . . . Time . | . . . Parts Recycled . | . . . Recycled Matter . | . . . Retrieved Matter . | . . . Retrieved Components . | . . . Parts Scanalyzed . | . . . Part Schematics Acquired . | . . . Parts Damaged . | . . . Bothacking | -11 -10 -10 ------------ Run | Scr Mat Min Used RIF Installer . | . . . Robots Hacked . | . . . Non-combat . | . . . Combat . | . . . Robot Hacks Applied . | . . . Relay Couplers Released . | . . . Fabnet Peak Effective % . | . . . Robots Rewired . | . . . Allies Hacked . | . . . Hacks Repelled . | . . . Allies | -11 -10 -10 -------- Run | Scr Mat Min Total Allies . | . . . Largest Group . | . . . Highest-Rated Group . | . . . Highest-Rated Ally . | . . . Total Orders . | . . . Ally Attacks . | . . . Total Damage . | . . . Kills . | . . . Allies Corrupted . | . . . Allies Melted . | . . . Intel | -11 -10 -10 ------- Run | Scr Mat Min Robot Analysis Total 1 | . 1 . Derelict Logs Recovered 2 | . . 2 Drone Launches . | . . . Drone Recoveries . | . . . Exploration | -11 -10 -10 ------------- Run | Scr Mat Min Turns Passed 924 | 8 580 336 Spaces Moved 601 | 5 353 243 Core . | . . . Treads . | . . . Legs 4 | 4 . . Wheels 597 | 1 353 243 Hover . | . . . Flight . | . . . Fastest Speed 100 | 100 100 115 Average Speed 112 | 116 110 115 Slowest Speed 130 | 120 130 115 Overloaded Moves . | . . . Propulsion Burnouts . | . . . Robots Hopped . | . . . Cave-ins Triggered . | . . . Exploration Rate (%) 38 | 2 61 51 Regions Visited 2 Branch Regions 1 Pre-discovered Areas . | . . . Known Exits Taken . | . . . Unknown Exits Taken 2 | 1 1 . Scrap Searched 1 | . . 1 Spaces Dug . | . . . Terrain Destroyed 5 | . 5 . Melee . | . . . Projectile . | . . . AOE 5 | . 5 . Terrain Rammed . | . . . Walls Destroyed . | . . . Machines Disabled . | . . . Actions | -11 -10 -10 --------- Run | Scr Mat Min Total 730 | 8 452 270 Wait 27 | . 20 7 Move 599 | 4 352 243 Hop . | . . . Pick Up 8 | . 7 1 Fast Attach 4 | . 4 . Attach 6 | 2 2 2 Detach . | . . . Swap 1 | . 1 . Drop 7 | 2 5 . Fire 21 | . 21 . Melee 57 | . 40 17 Ram . | . . . Kick . | . . . Crush . | . . . Escape Stasis . | . . . Rewire . | . . . Trap . | . . . Miscellaneous . | . . . Route ------- -11/Scrapyard -10/Materials (discovered 3 exits: [*Mat x2] / [*Min]) -10/Mines (discovered 1 exit: [*Mat]) History --------- Turn | Location | Event 1 | -11/Scrapyard | Discovered new exit (range 3) 9 | -11/Scrapyard | Entered Materials 79 | -10/Materials | Discovered new exit (range 15) 231 | -10/Materials | Discovered new exit (range 11) 313 | -10/Materials | Build established: Mutant 411 | -10/Materials | Discovered new exit (range 10) 472 | -10/Materials | Core integrity fell below 50% 589 | -10/Materials | Entered Mines 727 | -10/Mines | Met a Derelict bent on vengeance 751 | -10/Mines | Core integrity fell below 20% 889 | -10/Mines | Learned Materials trap positions 920 | -10/Mines | Discovered new exit (range 16) 921 | -10/Mines | Learned 2 Materials zone layouts 925 | -10/Mines | Destroyed by G-34 Mercenary with Small Laser Last Messages --------------- 00735_ Destroyed Terrain Scan Processor. 00735_ U-05 Engineer system corrupted by crushing effect. 00741_ K-01 Serf collects debris. 00748_ Lgt. Treads destroyed. 00748_ G-34 Mercenary knocked back. 00749_ K-01 Serf collects debris. 00767_ G-34 Mercenary destroyed. 00767_ K-01 Serf collects debris. 00769_ Acquired 10 matter. 00770_ K-01 Serf collects debris. 00773_ R-06 Scavenger collects Sml. Laser. 00774_ K-01 Serf collects debris. 00823_ 47-H0Z(g): "UNAWARE KILLED MY BEST FRIEND! VENGEANCE!" 00858_ K-01 Serf collects debris. 00889_ Acquired derelict log, extracted data. Data stored: Materials trap records. 00903_ K-01 Serf collects debris. 00920_ EXIT=FOUND 00921_ Acquired derelict log, extracted data. Data stored: Materials zone layouts (x2). Map ----- +----------------------------------------------------+ | ????????????????????????????? | | ????????????????????????????? | | ????????????????????????????? | | ????????????????????????????? | | ????????????????????????????? | | ????????????????????????????? | | ????????????????????????????? | | ????????????????????????????? | | ????????????????????????????? | | ????????????????????????????? | | ???? ""?????????????????????? | | ???? ?????????????????????? | | ???? ?????????????????????? | | ???? ?????????????????????? | | ???? g ?????????????????????? | | ???? ?????????????????????# | | ???? #????????????????????## | | ???# #????????????????##### | | ???# #????????????????# | | ???# #????????????????# | | ???# #????????????????# ## | | ???# #????????????????# ### | | ???# #????####????????# #?# | | ???# #???##! ##???????# #?? | | ???# #??## #???????# #?? | | ???#@ #??# #???????# #?? | | ???# #??# ##??????# #?? | | ???# #???# #??????# ##? | | ???# #???# #??????# ## | | ???# ##### ##?????# # | | ???# ####### = | | ???# ## | | ???## ### | | ????# #?# | | ????# #?# ! # | | ????# #?#### ## ! ## | | ???? ????###### ## #? | | ???? ?????????####### [#? | | ???? ???????????????## ##? | | ???? !! ???????????????####?? | | ???? !! ????????????????????? | | ???? ????????????????????? | | ???? ????????????????????? | | ????#####???????????????????? | | ????????????????????????????? | | ????????????????????????????? | | | | | | | | | +----------------------------------------------------+ Best States ------------- Heat Dissipation 25 Energy Generation 10 Energy Capacity 250 Matter Stores 300 Matter Capacity 300 Sight Range 16 Terrain Scan Density 10 Weapon Shielding 33 Evasion (%) 40 Recoil Reduction 1 Item Schematics ----------------- None Robot Schematics ------------------ None Fabricated ------------ Nothing Alien Tech Used ----------------- None Achievements -------------- None Challenges ------------ None Game ------ Seed SystemCoilComputer Manual? 0 Play Time 00:11:31 Cumulative 160.8 hours Start 2022.05.26 @ 17:32:50 End 2022.05.26 @ 22:09:23 Sessions 1 Manual Loads 0 Difficulty Rogue Special Mode None Game No. 247 Rogue 247 Adventurer 0 Explorer 0 Win Type - Total 9 Types 7/0/1/1/0/0/0/0/0 Lore% 51 Gallery% 74 Achievement% 62 Wizard Run 0 Options --------- ASCII 0 Keyboard 0 Movement Numpad Keybinds 0 Fullscreen 1 Font 18/Terminus Map View 76x50 Tactical HUD 1 Map Filters NONE Filters NONE Steam 1 RUN: 1347dd3c-a1ad-4f68-a2b8-5859fb8daf5e